 Dungeon Crawl Stone Soup version 0.26.0-16-gc1dbca0489 (webtiles) character file.

Game seed: 12796733348761822358

21 112233 the Stinger (level 2, 0/17 HPs)
             Began as an Octopode Venom Mage on Jan 18, 2021.
             Succumbed to an adder's poison
             ... on level 2 of the Dungeon.
             The game lasted 00:00:58 (836 turns).

112233 the Stinger (Octopode Venom Mage)             Turns: 836, Time: 00:00:58

Health: 0/17       AC:  1    Str:  7    XL:     2   Next: 83%
Magic:  1/5        EV: 13    Int: 17    God:
Gold:   32         SH:  0    Dex: 12    Spells: 3/6 levels left

rFire    + . .     SeeInvis .   b - +0 dagger
rCold    + . .     Faith    .   (no shield)
rNeg     . . .     Spirit   .   (helmet restricted)
rPois    +         Reflect  .   (no amulet)
rElec    +         Harm     .   (no ring)
rCorr    +         Rampage  .   (no ring)
Will     .....                  (no ring)
Stlth    +++.......             (no ring)
HPRegen  0.05/turn              (no ring)
MPRegen  0.09/turn              (no ring)
                                (no ring)
                                (no ring)

@: lethally poisoned (0 -> -5), resistant
A: almost no armour, stealthy swim, amphibious, 8 rings, constrict 8, camouflage
1, gelatinous body 1
a: no special abilities


You were on level 2 of the Dungeon.
You visited 1 branch of the dungeon, and saw 2 of its levels.

You collected 32 gold pieces.

Inventory:

Hand Weapons
 b - a +0 dagger (weapon)
Armour
 e - a +0 kite shield
Scrolls
 a - a scroll of remove curse {unknown}
 d - a scroll of teleportation {unknown}


   Skills:
 + Level 2.3 Dodging
 - Level 2.6 Stealth
 * Level 2.6 Spellcasting
 - Level 1.0 Transmutations
 + Level 3.9 Poison Magic


You had 3 spell levels left.
You knew the following spells:

 Your Spells              Type           Power        Failure   Level
a - Sting                 Tmut/Pois      40%          7%          1
b - Poisonous Vapours     Pois/Air       16%          12%         2

Your spell library contained the following spells:

 Spells                   Type           Power        Failure   Level
 Ignite Poison            Fire/Tmut/Pois 7%           28%         3
 Mephitic Cloud           Conj/Pois/Air  6%           32%         3
 Olgreb's Toxic Radiance  Pois           15%          34%         4


Dungeon Overview and Level Annotations

Branches:
Dungeon (2/15)

Altars:


Innate Abilities, Weirdness & Mutations

You cannot wear most types of armour.
You are very stealthy in the water. (Stealth+)
You are amphibious.
You can wear up to eight rings at the same time.
You can use your tentacles to constrict eight enemies at once.
Your skin changes colour to match your surroundings (Stealth+).
Your rubbery body absorbs attacks. (AC +1, EV +1)


Message History

You kill the adder!
Unknown command.
It was a potion of resistance.
You feel protected.
* * * LOW HITPOINT WARNING * * *
You feel sick. The worm misses you.
Unknown command.
Unknown command.
* * * LOW HITPOINT WARNING * * *
You feel sick.
Your magical contamination has completely faded away.
* * * LOW HITPOINT WARNING * * *
You feel sick.
A dart slug comes into view.
Unknown command.
* * * LOW HITPOINT WARNING * * *
You feel sick.
Found a stone staircase leading down.
Unknown command.
You die...

#..#....##.# ##.##
#..#.......# #.#
#......##### #.#
####.### #.##### #.#
#.....####
#.##############.......
#..##.......# #.......
#.#.#......l####.......
###.##.@.w..............
#........>...##.........
#.#.##......>##.........
#.#.##.......##.........
#.w.##.########.....#..#
#.####.# ####.##....#
####†####$# ....(......#
#.........####
.####.......
#.##.#.....r.. .##
#...###.


You could see a dart slug and a leopard gecko (asleep).

Vanquished Creatures
  An adder (D:2)
  A leopard gecko (D:2)
  2 bats
  A goblin (D:2)
  3 frilled lizards
  2 kobolds
  2 rats
12 creatures vanquished.

Notes
Turn   | Place    | Note
-------+----------+-------------------------------------------
     0 | D:1      | 112233 the Octopode Venom Mage began the quest for the Orb.
     0 | D:1      | Reached XP level 1. HP: 11/11 MP: 3/3
   354 | D:2      | Reached XP level 2. HP: 8/17 MP: 1/5
   750 | D:2      | Learned a level 2 spell: Poisonous Vapours
   836 | D:2      | Succumbed to an adder's poison

Illustrated notes

Levels and vault maps discovered:
D:1:      dpeg_arrival_three_smaller_balls, layout_basic,
          minmay_misc_feat_columns, kennysheep_decorative_pillar,
          minmay_misc_feat_nine_boxes
D:2:      layout_loops_cross, chequers_serial_rivers_micro_d,
          grunt_decor_mini_mirrors

Action                   || total
-------------------------++-------
Melee: Dagger            ||    13
       Constrict         ||     5
 Cast: Sting             ||    16
  Use: Potion            ||     1
Armor: Skin              ||     5
Dodge: Dodged            ||    12
